 Dungeon Crawl Stone Soup version 0.18.1-6-gd335043 (webtiles) character file.

261 rutigerpupkin the Firebug (level 6, -3/32 HPs)
             Began as a Gargoyle Fire Elementalist on May 20, 2016.
             Killed from afar by an orc wizard (13 damage)
             ... with a puff of frost
             ... on level 4 of the Dungeon.
             The game lasted 00:08:00 (2602 turns).

rutigerpupkin the Firebug (GrFE)                    Turns: 2602, Time: 00:08:01

Health: -3/32      AC:  7    Str: 12    XL:     6   Next: 18%
Magic:  0/11       EV: 12    Int: 17    God:
Gold:   118        SH:  0    Dex: 10    Spells: 2 memorised, 7 levels left

rFire  . . .     SeeInvis .     n - +0 spear
rCold  . . .     Gourm    .     a - +0 robe
rNeg   + . .     Faith    .     (no shield)
rPois  ∞         Spirit   .     o - +0 helmet
rElec  +         Dismiss  .     (no cloak)
rCorr  .         Reflect  .     (no gloves)
SustAt +         Harm     .     (no boots)
MR     .....                    (no amulet)
Stlth  ++........               (no ring)
                                e - ring of sustain attributes

@: very slightly contaminated, not resistant to hostile enchantments, unstealthy
A: negative energy resistance 1, electricity resistance, unbreathing,
petrification resistance, rot immunity, AC +4
a: no special abilities


You were on level 4 of the Dungeon.
You were hungry.

You visited 1 branch of the dungeon, and saw 4 of its levels.

You collected 118 gold pieces.

Inventory:

Hand Weapons
 j - a +0 dagger
 n - a +0 spear (weapon)
 p - a +0 flail
Missiles
 q - 14 poisoned needles
Armour
 a - a +0 robe (worn)
 o - a +0 helmet (worn)
Jewellery
 e - a ring of sustain attributes (left hand)
Scrolls
 f - 4 scrolls of remove curse {unknown}
 i - 2 scrolls of random uselessness {unknown}
 k - a scroll of enchant armour {unknown}
 r - a scroll of identify {unknown}
 s - a scroll of teleportation {unknown}
Potions
 g - a potion of might {unknown}
 h - a potion of heal wounds {unknown}
 m - a potion of degeneration {unknown}
 t - a potion of cancellation {unknown}
 u - a potion of magic {unknown}
Books
 b - a book of Flames

   Spells                             Type                      Level
   a - Flame Tongue                   Conjuration/Fire             1
   b - Throw Flame                    Conjuration/Fire             2
   c - Conjure Flame                  Conjuration/Fire             3
   d - Inner Flame                    Hexes/Fire                   3
   e - Sticky Flame                   Conjuration/Fire             4
   f - Fireball                       Conjuration/Fire             5
Comestibles
 c - 2 bread rations
 d - 2 fruits
 l - 9 chunks of flesh


   Skills:
 - Level 1.5 Dodging
 - Level 2.1 Stealth
 + Level 3.3 Spellcasting
 + Level 3.7 Conjurations
 + Level 4.8 Fire Magic


You had 7 spell levels left.
You knew the following spells:

 Your Spells              Type           Power        Failure   Level  Hunger
a - Flame Tongue          Conj/Fire      ###..        2%          1    None
b - Conjure Flame         Conj/Fire      ###.....     10%         3    ###....


Dungeon Overview and Level Annotations

Branches:
Dungeon (4/15)
 Temple: D:4-7

Altars:

Annotations:
D:3 fulminata's ghost, amateur DsFi


Innate Abilities, Weirdness & Mutations

You are resistant to torment.
Your stone body is resilient (AC +4).
You are immune to poison.
You resist negative energy.
You are resistant to electric shocks.
You can survive without breathing.
You are immune to petrification.
You are immune to rotting.


Message History

The flame tongue hits the orc wizard.
You kill the orc wizard!
The orc wizard hits you but does no damage.
Casting: Flame Tongue
Confirm with . or Enter, or press ? or * to list all spells.
Okay, then.
Casting: Flame Tongue
Confirm with . or Enter, or press ? or * to list all spells.
Aiming: Flame Tongue
Press: ? - help, Shift-Dir - straight line, f - orc wizard
Aim: an orc wizard, wielding a dagger and wearing a robe (fast)
The flame tongue hits the orc wizard.
The orc wizard is severely wounded.
The orc wizard hits you with a dagger.
You hit the orc wizard.
The orc wizard is severely wounded.
The orc wizard closely misses you.
The orc wizard gestures at you while chanting.
The puff of frost hits you!
You die...

#....# #....#
#....# .
#.$..########o..
#...........)oo.
#.......########
###.....#
############.....#
#<......@oro#+####
###########........
#........ #........
......... .........
.........
###....)..


You could see an orc wizard, an orc and a quokka.

Vanquished Creatures
  An ogre (D:4)
  2 orc wizards (D:4)
  Natasha (D:3)
  Robin (D:2)
  2 adders
  An ooze (D:1)
  3 dart slugs (D:1)
  A giant gecko (D:3)
  A ball python (D:2)
  4 giant cockroaches
  13 goblins
  10 hobgoblins
  6 jackals
  A quokka (D:3)
  6 bats
  A giant newt (D:3)
  A rat (D:1)
55 creatures vanquished.

Notes
Turn   | Place    | Note
--------------------------------------------------------------
     0 | D:1      | rutigerpupkin the Gargoyle Fire Elementalist began the quest for the Orb.
     0 | D:1      | Reached XP level 1. HP: 10/10 MP: 3/3
   214 | D:1      | Reached XP level 2. HP: 14/15 MP: 3/5
   630 | D:2      | Reached XP level 3. HP: 9/19 MP: 0/6
   635 | D:2      | Learned a level 3 spell: Conjure Flame
   824 | D:2      | Noticed Robin
  1358 | D:1      | Reached skill level 4 in Fire Magic
  1358 | D:1      | Reached XP level 4. HP: 18/24 MP: 2/7
  1482 | D:2      | Found a faded altar to an unknown god.
  1581 | D:2      | Killed Robin
  1914 | D:3      | Noticed Natasha
  1925 | D:3      | Killed Natasha
  1973 | D:3      | Noticed fulminata's ghost (amateur DsFi)
  2262 | D:3      | Reached XP level 5. HP: 22/28 MP: 9/9
  2477 | D:4      | Noticed an ogre
  2494 | D:4      | Killed an ogre
  2575 | D:4      | Reached XP level 6. HP: 28/32 MP: 5/10
  2602 | D:4      | Killed from afar by an orc wizard

Skill      XL: |  1  2  3  4  5 |
---------------+----------------+-----
Conjurations   | 2 3 |  3.7
Fire Magic     | 4 |  4.8
Spellcasting   | 3 |  3.3
Dodging        | |  1.5
Stealth        | |  2.1

Action                   |  1- 3 |  4- 6 || total
-------------------------+-------+-------++-------
Melee: Unarmed           |     4 |       ||     4
       Dagger            |    41 |     4 ||    45
       Spear             |       |    95 ||    95
 Cast: Flame Tongue      |    42 |    29 ||    71
       Conjure Flame     |     1 |     7 ||     8
 Stab: Sleeping          |     1 |     4 ||     5
  Eat: Chunk             |     2 |     5 ||     7
Armor: Robe              |    26 |    28 ||    54
Dodge: Dodged            |    55 |    57 ||   112
